 Dungeon Crawl Stone Soup version 0.15.0-12-gccce430 (webtiles) character file.

5154 Johnny the Skirmisher (level 10, -1/79 HPs)
             Began as a Human Berserker on Sept 2, 2014.
             Was a Priest of Trog.
             Slain by a polar bear (3 damage)
             ... on Level 7 of the Dungeon.
             The game lasted 00:25:08 (7507 turns).

Johnny the Skirmisher (Human Berserker)             Turns: 7507, Time: 00:25:10

HP  -1/79        AC 12     Str 17      XL: 10   Next: 89%
MP  17/17        EV 14     Int 10      God: Trog [***...]
Gold 370         SH  0     Dex 16 (17) Spells:  0 memorised, 14 levels left

rFire  . . .     SeeInvis .     x - +2 quarterstaff (chaos)
rCold  + . .     Clarity  .     u - +3 ring mail {rC+}
rNeg   . . .     rCorr    .     (no shield)
rPois  .         rRot     .     (no helmet)
rElec  .         Spirit   .     y - +0 cloak
SustAb .         Warding  .     (no gloves)
rMut   .         Stasis   .     (no boots)
Gourm  .                        (no amulet)
MR     ++...                    t - ring of the Mage {Wiz MR++ Int+3}
                                M - +1 ring of protection

@: exhausted, very slightly contaminated, slowed, very slow, very resistant to
hostile enchantments, unstealthy
A: blurry vision 2, deterioration 1
a: Burn Spellbooks, Berserk, Trog's Hand, Renounce Religion


You were on level 7 of the Dungeon.
You worshipped Trog.
Trog was most pleased with you.
You were not hungry.

You visited 1 branch of the dungeon, and saw 7 of its levels.

You collected 370 gold pieces.

Inventory:

Hand weapons
 a - a +0 hand axe
 o - a +1 flail of protection
 w - a +1 hammer of protection
 x - a +2 quarterstaff of chaos (weapon)
Missiles
 G - 5 javelins
 J - a throwing net (quivered)
Armour
 r - a +0 scale mail
 u - a +3 ring mail of cold resistance (worn)
 y - a +0 cloak (worn)
 C - a +0 buckler
Magical devices
 e - a wand of disintegration (8)
 h - a wand of digging (8)
 i - a wand of digging (3)
Comestibles
 f - a meat ration
 H - 4 bread rations
 I - 5 beef jerkies
Scrolls
 g - 3 scrolls of remove curse
 j - 2 scrolls of enchant armour
 m - a scroll of identify
 q - a scroll of teleportation
 z - 2 scrolls of brand weapon {unknown}
 B - 3 scrolls of enchant weapon
 K - a scroll of recharging
Jewellery
 b - an uncursed ring of invisibility
 t - the ring of the Mage (right hand) {Wiz MR++ Int+3}
   (You found it on level 4 of the Dungeon)

   [ring of wizardry]

   It improves your spell success rate.
   It affects your intelligence (+3).
   It affects your resistance to hostile enchantments.
 M - a +1 ring of protection (left hand)
Potions
 d - 2 potions of magic
 n - 2 potions of curing
 D - a potion of agility {unknown}
 L - a potion of berserk rage {unknown}


   Skills:
 + Level 7.6 Fighting
 + Level 6.4(6.8) Axes
 + Level 2.9(6.6) Maces & Flails
 + Level 6.6(6.9) Staves
 + Level 2.9 Throwing
 + Level 7.3 Armour
 + Level 7.6 Dodging
 + Level 4.7 Stealth
 + Level 2.8 Unarmed Combat
 + Level 2.5 Spellcasting
 + Level 3.4 Evocations


You had 14 spell levels left.
You didn't know any spells.

Dungeon Overview and Level Annotations

Branches:
Dungeon (7/15)             Temple (0/1) D:5

Altars:
Ashenzari
Makhleb
Nemelex Xobeh
Sif Muna

Shops:
D:6 *


Innate Abilities, Weirdness & Mutations

Your vision is quite blurry.
Your body is slowly deteriorating.


Message History

The polar bear claws you.
* * * LOW HITPOINT WARNING * * *
You continue eating.
The polar bear bites you but does no damage.
The polar bear claws you.
* * * LOW HITPOINT WARNING * * *
The polar bear barely misses you. The sheep bites you.
* * * LOW HITPOINT WARNING * * *
The polar bear bites you!
* * * LOW HITPOINT WARNING * * *
The polar bear completely misses you.
The polar bear claws you but does no damage.
The sheep bites you.
* * * LOW HITPOINT WARNING * * *
You continue eating.
The polar bear bites you but does no damage.
The polar bear misses you. The polar bear claws you.
* * * LOW HITPOINT WARNING * * *
The polar bear bites you.
You die...

.............##.h#.........#...#.
##'###'#######.#....#......##'##.
..........%...#..#...#...........
.h.#.....h+#........(............
...#......##.#.#.#...............
hh.#####'##.......#.....#........
.hh#...............#..#.#........
hh.#..........#h....#...#........
...#...........#@....#..#........
./.............Y...#..#.#..##+##.
...#....................#..#...#.
...###'######+.##.#######..#...+.
...#.................+.....+.<.#.
.....................#.....##'##.
.....................#...........
###'.#5........###'###...........
#...##.........#.................


You could see a polar bear (berserk), a black bear (fleeing) and a sheep.

Vanquished Creatures
  Pikel (D:5)
  Grinder (D:6)
  3 polar bears (D:7)
  Eustachio (D:7)
  A hippogriff (D:7)
  Edmund (D:5)
  A hog (D:7)
  5 black bears (D:7)
  An orc warrior (D:6)
  An ice beast (D:5)
  A crocodile (D:7)
  2 slaves (D:5)
  A centaur (D:5)
  3 phantoms
  4 ogres
  Sigmund (D:2)
  2 giant frogs
  A goliath beetle (D:6)
  4 crimson imps
  A giant frog zombie (D:5)
  7 hounds
  A jelly (D:5)
  Crazy Yiuf (D:4)
  3 iguanas
  An orc priest (D:4)
  A giant frog skeleton (D:4)
  A gnoll shaman (D:6)
  2 orc wizards
  4 worker ants
  Ijyb (D:3)
  A hound skeleton (D:7)
  5 gnolls (D:6)
  9 adders
  2 orc skeletons (D:5)
  4 giant mites
  3 worms
  An adder zombie (D:6)
  2 giant geckos
  An ooze (D:2)
  11 orcs
  8 bats
  2 giant cockroaches
  13 goblins
  11 hobgoblins
  16 jackals
  4 quokkas
  A ball python (D:3)
  6 giant newts
  A goblin skeleton (D:5)
  A hobgoblin zombie (D:6)
  7 kobolds
  15 rats
182 creatures vanquished.

Vanquished Creatures (others)
  A worm (D:5)
1 creature vanquished.

Grand Total: 183 creatures vanquished

Notes
Turn   | Place    | Note
--------------------------------------------------------------
     0 | D:1      | Johnny, the Human Berserker, began the quest for the Orb.
     0 | D:1      | Reached XP level 1. HP: 18/18 MP: 1/1
   321 | D:1      | Reached XP level 2. HP: 20/24 MP: 2/2
   394 | D:1      | Acquired Trog's second power
   646 | D:1      | Reached XP level 3. HP: 27/29 MP: 3/3
  1022 | D:2      | Noticed Sigmund
  1037 | D:2      | Killed Sigmund
  1037 | D:2      | Reached skill level 4 in Fighting
  1037 | D:2      | Reached XP level 4. HP: 31/37 MP: 4/4
  1037 | D:2      | Reached XP level 5. HP: 35/42 MP: 5/5
  2190 | D:3      | Noticed a phantom
  2290 | D:3      | Noticed Ijyb
  2299 | D:3      | Killed Ijyb
  2299 | D:3      | Reached XP level 6. HP: 35/48 MP: 6/6
  2351 | D:3      | Killed a phantom
  3275 | D:4      | Reached XP level 7. HP: 38/55 MP: 7/7
  3425 | D:4      | Found a deep blue altar of Sif Muna.
  4091 | D:4      | Noticed Crazy Yiuf
  4100 | D:4      | Paralysed by Crazy Yiuf for 2 turns
  4104 | D:4      | Killed Crazy Yiuf
  4278 | D:4      | Reached skill level 1 in Stealth
  4536 | D:5      | Entered Level 5 of the Dungeon
  4611 | D:5      | Reached skill level 1 in Staves
  4611 | D:5      | Reached XP level 8. HP: 32/61 MP: 8/8
  4660 | D:5      | Reached skill level 6 in Fighting
  4660 | D:5      | Reached XP level 9. HP: 6/71 MP: 8/15
  4661 | D:5      | Gained mutation: Your vision is a little blurry. [potion of mutation]
  4661 | D:5      | Gained mutation: Your body is slowly deteriorating. [potion of mutation]
  4661 | D:5      | Gained mutation: Your vision is quite blurry. [potion of mutation]
  4699 | D:5      | Found a staircase to the Ecumenical Temple.
  4948 | D:5      | Noticed Pikel
  4961 | D:5      | Killed Pikel
  4961 | D:5      | Reached skill level 7 in Fighting
  4961 | D:5      | Reached skill level 5 in Staves
  5449 | D:5      | Noticed Edmund
  5470 | D:5      | Killed Edmund
  5745 | D:6      | Found Blau's General Store.
  5745 | D:6      | Noticed Grinder
  5772 | D:6      | Killed Grinder
  5772 | D:6      | Reached XP level 10. HP: 61/79 MP: 17/17
  6174 | D:6      | Found a burning altar of Makhleb.
  6174 | D:6      | Found a shattered altar of Ashenzari.
  6556 | D:6      | Found a sparkling altar of Nemelex Xobeh.
  6742 | D:7      | Noticed Eustachio
  6793 | D:7      | Killed Eustachio
  7506 | D:7      | HP: 3/79 [sheep (1)]
  7507 | D:7      | Slain by a polar bear

Action                   |  1- 3 |  4- 6 |  7- 9 | 10-12 || total
-------------------------+-------+-------+-------+-------++-------
Melee: Hand axe          |   119 |   210 |    83 |       ||   412
       Quarterstaff      |       |       |   147 |   248 ||   395
       Hammer            |       |       |     8 |       ||     8
Throw: Javelin           |       |       |       |     1 ||     1
       Throwing net      |       |       |       |     1 ||     1
Invok: Berserk           |     2 |     5 |     9 |     3 ||    19
       Trog's Hand       |     1 |     9 |     8 |     4 ||    22
Evoke: Wand              |       |       |     1 |     3 ||     4
  Use: Scroll            |       |     3 |     6 |     2 ||    11
       Potion            |       |       |    11 |     4 ||    15
 Stab: Petrified         |       |       |     6 |       ||     6
       Paralysed         |       |       |     1 |     5 ||     6
       Invisible         |       |       |       |     4 ||     4
       Confused          |       |       |       |     2 ||     2
       Sleeping          |       |       |       |     2 ||     2
       Distracted        |       |       |       |     1 ||     1
  Eat: Chunk             |     1 |     2 |     6 |     2 ||    11
       Bread ration      |       |     2 |     2 |       ||     4
       Beef jerky        |       |     1 |     1 |     3 ||     5
       Royal jelly       |       |     1 |       |       ||     1
       Meat ration       |       |       |     1 |     1 ||     2
